 Dungeon Crawl Stone Soup version 0.17-a0-1056-g838d5c0 (webtiles) character file.

1745 HEYYEYAAE the Shield-Bearer (level 9, -3/63 HPs)
             Began as an Octopode Fighter on May 16, 2015.
             Slain by an unseen horror (7 damage)
             ... on level 6 of the Dungeon.
             The game lasted 00:07:30 (4520 turns).

HEYYEYAAE the Shield-Bearer (Octopode Fighter)      Turns: 4520, Time: 00:07:30

Health: -3/63      AC:  1    Str: 15    XL:     9   Next: 6%
Magic:  9/9        EV: 14    Int: 11    God:
Gold:   328        SH: 10    Dex: 14    Spells: 0 memorised, 8 levels left

rFire  . . .     SeeInvis .     G - +1 war axe (venom)
rCold  . . .     Clarity  +     b - +0 shield
rNeg   . . .     SustAb   +     (helmet restricted)
rPois  .         Gourm    .     n - amulet of clarity
rElec  .         Spirit   .     j - +3 ring of slaying
rCorr  .         Warding  .     t - ring of stealth
rMut   .         Stasis   .     H - ring of wizardry
MR     .....                    F - ring of sustain abilities
Stlth  +++.......               (no ring)
                                (no ring)
                                (no ring)
                                (no ring)

@: lethally poisoned (-3 -> -3), not resistant to hostile enchantments, fairly
stealthy
A: almost no armour, amphibious, 8 rings, constrict 8, camouflage 1, gelatinous
body 1
a: no special abilities


You were on level 6 of the Dungeon.
You were not hungry.

You visited 1 branch of the dungeon, and saw 6 of its levels.

You collected 328 gold pieces.

Inventory:

Hand weapons
 G - a +1 war axe of venom (weapon)
Armour
 b - a +0 shield (worn)
Jewellery
 j - a +3 ring of slaying (left tentacle)
 n - an amulet of clarity (around mantle)
 t - a ring of stealth (right tentacle)
 F - a ring of sustain abilities (on tentacle)
 H - a ring of wizardry (on tentacle)
Magical devices
 y - a wand of cold (2)
Scrolls
 e - 2 scrolls of recharging
 f - a scroll of fear {unknown}
 i - a scroll of amnesia {unknown}
 o - 4 scrolls of remove curse
 r - a scroll of enchant armour {unknown}
 s - a scroll of fog
 v - 4 scrolls of immolation
 x - a scroll of random uselessness {unknown}
 B - a scroll of teleportation {unknown}
 C - a scroll of noise
Potions
 a - a potion of brilliance {unknown}
 c - 4 potions of might
 g - 5 potions of curing
 h - 3 potions of resistance
 k - a potion of ambrosia
 l - 2 potions of lignification
 m - 2 potions of heal wounds
 u - 3 potions of haste
 z - a potion of invisibility {unknown}
 D - 2 potions of flight
 E - 2 potions of agility {unknown}
Books
 w - a book of Necromancy

   Spells                             Type                      Level
   a - Pain                           Necromancy                   1
   b - Animate Skeleton               Necromancy                   1
   c - Vampiric Draining              Necromancy                   3
   d - Regeneration                   Charms/Necromancy            3
   e - Animate Dead                   Necromancy                   4
   f - Control Undead                 Necromancy                   4
Comestibles
 d - 3 bread rations
 p - 5 meat rations
 q - 2 royal jellies
 A - 3 fruits


   Skills:
 + Level 6.5 Fighting
 * Level 5.4 Axes
 * Level 6.4 Dodging
 * Level 6.5 Shields


You had 8 spell levels left.
You didn't know any spells.

Dungeon Overview and Level Annotations

Branches:
Dungeon (6/15)
 Temple: D:4-7

Altars:
Elyvilon
Gozag
Qazlal
Vehumet
Yredelemnul
The Shining One

Shops:
D:6 *(

Annotations:
D:6 Hanyuu's ghost, experienced OpTm


Innate Abilities, Weirdness & Mutations

You cannot wear most types of armour.
You are amphibious.
You can wear up to eight rings at the same time.
You can use your tentacles to constrict eight enemies at once.
Your skin changes colour to match your surroundings (Stealth).
Your rubbery body absorbs attacks (AC +1).


Message History

Something hits you! The jackal bites you.
You slash the jackal!
You kill the jackal!
You hit something. Something hits you!
No target in view!
No target in view!
No target in view!
You feel sick. Something hits you.
You see here a jackal corpse.
Something hits you.
* * * LOW HITPOINT WARNING * * *
Something hits you!
* * * LOW HITPOINT WARNING * * *
Found Ethravoji's Weapon Boutique.
Something hits you.
* * * LOW HITPOINT WARNING * * *
You see here 12 gold pieces.
You now have 328 gold pieces (gained 12).
You feel sick. Something hits you!
You die...

#...# ###...# .##
###.....# ..# # ##
...#...# ..# .# ..##
##.....# #.# ..#
....###.....####.###...#
..#.#.......##.........#
.........#...†.....>...#
........#####†..@......#
........######........∩#
..#...........<#........
....##.......#.#.##...##
#### #.#####.#.... #.##
#..## # .#...# .# #
##..# ..##'# # #.##.#
########.###...#...
...#.
...<.###.........⌠.#
##.⌠...


There were no monsters in sight!

Vanquished Creatures
  2 sky beasts (D:6)
  An orc warrior (D:6)
  An ice beast (D:6)
  4 ogres
  A centaur (D:5)
  A phantom (D:4)
  2 scorpions
  4 hounds
  A crimson imp (D:6)
  2 orc priests
  A centaur skeleton (D:5)
  4 orc wizards
  A giant frog skeleton (D:4)
  5 worker ants
  A hound zombie (D:6)
  2 gnolls (D:4)
  6 adders
  An ooze (D:3)
  3 worms
  4 giant geckos
  27 orcs
  A ball python (D:1)
  16 bats
  4 giant cockroaches
  2 gnoll zombies (D:5)
  18 goblins
  14 hobgoblins
  5 jackals
  15 kobolds
  2 quokkas
  5 giant newts
  18 rats
174 creatures vanquished.

Notes
Turn   | Place    | Note
--------------------------------------------------------------
     0 | D:1      | HEYYEYAAE the Octopode Fighter began the quest for the Orb.
     0 | D:1      | Reached XP level 1. HP: 16/16 MP: 1/1
    44 | D:1      | Found a glowing golden altar of the Shining One.
    94 | D:1      | Reached XP level 2. HP: 13/21 MP: 2/2
   382 | D:1      | HP: 1/21 [hobgoblin/club (5)]
   685 | D:1      | Reached XP level 3. HP: 26/26 MP: 3/3
  1200 | D:2      | Found a radiant altar of Vehumet.
  1353 | D:2      | Reached XP level 4. HP: 19/31 MP: 4/4
  1502 | D:2      | Found a glowing golden altar of the Shining One.
  1626 | D:3      | Reached XP level 5. HP: 12/37 MP: 5/5
  1684 | D:3      | Reached skill level 4 in Shields
  1854 | D:3      | Found a stormy altar of Qazlal.
  1887 | D:3      | Found a white marble altar of Elyvilon.
  2051 | D:4      | Noticed an ogre
  2057 | D:4      | Killed an ogre
  2057 | D:4      | Reached XP level 6. HP: 18/43 MP: 6/6
  2479 | D:4      | Noticed a phantom
  2487 | D:4      | Killed a phantom
  2601 | D:4      | Reached XP level 7. HP: 19/49 MP: 7/7
  2603 | D:4      | Reached skill level 5 in Fighting
  2615 | D:4      | Noticed an ogre
  2617 | D:4      | Killed an ogre
  2662 | D:4      | Reached skill level 5 in Shields
  2870 | D:4      | Noticed an ogre
  3012 | D:4      | Killed an ogre
  3012 | D:4      | Reached skill level 5 in Dodging
  3164 | D:5      | Entered Level 5 of the Dungeon
  3187 | D:5      | Found a white marble altar of Elyvilon.
  3211 | D:5      | Reached XP level 8. HP: 46/57 MP: 8/8
  3275 | D:5      | Reached skill level 6 in Fighting
  3777 | D:5      | Found a basalt altar of Yredelemnul.
  4060 | D:6      | Noticed Hanyuu's ghost (experienced OpTm)
  4100 | D:6      | Reached skill level 5 in Axes
  4245 | D:6      | Found an opulent altar of Gozag.
  4245 | D:6      | Found Gozag's Platinum Reserve.
  4255 | D:6      | Reached XP level 9. HP: 35/63 MP: 9/9
  4518 | D:6      | Found Ethravoji's Weapon Boutique.
  4520 | D:6      | Slain by an unseen horror

Vault maps used:
D:1:      eino_arrival_cavern_b, tso_metal_star
D:2:      kennysheep_big_flooded_room, vehumet_crystals, lemuel_statue_altar
D:3:      elyvilon_altar_4, grunt_qazlal_sundering
D:4:      corexii_shantytown
D:5:      lemuel_zombie_altar_yredelemnul, basic_altar, first_bread
D:6:      kiku_gazebo_pond_becter, serial_shops, shop, grunt_ministairs_13,
          nicolae_gozag_zags_fifth_avenue

Action                   |  1- 3 |  4- 6 |  7- 9 || total
-------------------------+-------+-------+-------++-------
Melee: War axe           |    77 |   103 |   131 ||   311
Evoke: Wand              |       |       |     2 ||     2
  Use: Potion            |       |     2 |     1 ||     3
       Scroll            |       |     5 |     6 ||    11
 Stab: Sleeping          |     5 |    18 |    11 ||    34
  Eat: Chunk             |     1 |     5 |     3 ||     9
       Pizza             |       |       |     1 ||     1
       Royal jelly       |       |       |     1 ||     1
